AoeStats
← DonCeltska

Arena

509453638Analyzed
3v3 RM · 7d ago on Sep 26, 2026· 58m 4s· 6 players
Game mode
Random Map
Map size
Normal (6 player)
Population
200
Speed
Normal
Resources
Standard
Victory
Conquest
Starting age
Dark Age
Ending age
Imperial Age
RankedLock teamsTeams togetherTeam positionsShared explorationLock speedFull tech treeHidden civsTurbo modeCheats
Victory
Defeat
🇪🇸 Celts · Spain
1233
+14
🇺🇸 Britons · United States
1210
+15
🇯🇵 Japanese · Japan
1194
+15
🇦🇷 Slavs · Argentina
1186
-15
🇦🇷 Sicilians · Argentina
1182
-15
🇪🇸 Danes · Spain
1170
-14
Wicket
10:18 Feudal Age
14:09 Castle Age
12:33 Double-Bit Axe
12:48 Horse Collar
18:44 Loom
42:54 Town Watch
48:30 Fletching
49:15 Bodkin Arrow
57:19 Imperial Age
55:39 Yeomen
55:45 Ballistics
57:43 Padded Archer Armor
KJI
10:14 Feudal Age
14:00 Castle Age
11:52 Double-Bit Axe
13:24 Loom
14:20 Double-Bit Axe
25:46 Scale Mail Armor
30:38 Forging
34:19 Bow Saw
34:59 Wheelbarrow
35:43 Gold Mining
35:44 Stone Mining
36:37 Fletching
37:03 Chain Mail Armor
37:38 Iron Casting
37:01 Horse Collar
37:52 Heavy Plow
39:26 Bodkin Arrow
42:11 Imperial Age
40:58 Bodkin Arrow
42:07 Padded Archer Armor
44:08 Blast Furnace
43:39 Plate Mail Armor
43:09 Bracer
42:56 Elite Skirmisher
43:55 Leather Archer Armor
45:21 Two-Man Saw
44:06 Elite Samurai
46:13 Hoardings
46:52 Conscription
48:36 Yasama
49:39 Capped Ram
51:04 Fortified Wall
53:54 Gold Shaft Mining
56:27 Ring Archer Armor
55:41 Capped Ram
56:49 Guard Tower
57:20 Ballistics
56:48 Arrowslits
56:44 Treadmill Crane
57:03 Murder Holes
Mesq6000
10:59 Feudal Age
14:26 Castle Age
12:22 Double-Bit Axe
12:28 Loom
13:09 Horse Collar
15:46 Bow Saw
22:49 Wheelbarrow
23:26 Scale Barding Armor
26:26 Hand Cart
31:11 Gold Mining
34:08 Imperial Age
34:31 Ballistics
36:14 Chemistry
36:27 Scale Mail Armor
36:41 Forging
37:24 Chain Mail Armor
36:56 Heavy Scorpion
41:15 Plate Mail Armor
41:24 Iron Casting
42:31 Conscription
42:25 Furor Celtica
42:37 Fletching
43:12 Siege Engineers
44:41 Elite Woad Raider
45:41 Conscription
48:07 Blast Furnace
49:56 Masonry
58:07 Gold Shaft Mining
DonCeltska
10:53 Feudal Age
11:23 Feudal Age
12:29 Double-Bit Axe
13:03 Loom
15:35 Castle Age
13:57 Horse Collar
21:13 Pikeman
22:35 Bow Saw
24:02 Wheelbarrow
27:54 Scale Mail Armor
31:13 Gold Mining
31:26 Heavy Plow
39:27 Imperial Age
37:17 Hand Cart
38:01 Squires
37:51 Gambesons
38:31 Forging
38:36 Chain Mail Armor
39:39 Elite Varangian Guard
41:02 Capped Ram
44:24 Siege Ram
45:50 Iron Casting
45:57 Plate Mail Armor
49:42 Onager
Capiango2.0
12:34 Feudal Age
14:21 Double-Bit Axe
16:47 Castle Age
15:10 Horse Collar
15:33 Scale Mail Armor
17:41 Squires
17:27 Arson
17:03 Pikeman
18:00 Heavy Plow
19:57 Chain Mail Armor
25:13 Bow Saw
26:43 Forging
30:37 Loom
36:55 First Crusade
37:29 Iron Casting
40:59 Imperial Age
39:23 Wheelbarrow
38:34 Town Watch
39:13 Ballistics
39:26 Murder Holes
39:30 Fletching
40:28 Masonry
41:54 Hand Cart
41:47 Scale Barding Armor
42:43 Blast Furnace
41:05 Cavalier
41:47 Husbandry
41:57 Bloodlines
42:53 Chemistry
41:38 Arrowslits
42:32 Hoardings
42:18 Conscription
43:00 Bodkin Arrow
44:29 Chain Barding Armor
43:47 Capped Ram
44:43 Bracer
44:55 Bracer
44:47 Siege Ram
46:55 Plate Barding Armor
51:12 Light Cavalry
Jefe ToroFumado
10:54 Feudal Age
14:51 Castle Age
12:42 Double-Bit Axe
16:01 Bow Saw
15:44 Gold Mining
33:05 Loom
33:52 Fortified Wall
37:21 Imperial Age
35:16 Horse Collar
37:22 Onager
Connection lost

Rejoining the realm…

Still unreachable

The connection could not be restored.

Session expired

The server has moved on; the page needs a fresh start.